 Dungeon Crawl Stone Soup version 0.18.1-50-g88ac8fd (webtiles) character file.

653 KarmaPolice the Magician (level 7, -1/46 HPs)
             Began as a Human Wizard on Sept 21, 2016.
             Killed by divine providence
             ... invoked by an orc priest
              (13 damage)
             ... on level 5 of the Dungeon.
             The game lasted 00:19:57 (5130 turns).

KarmaPolice the Magician (Human Wizard)             Turns: 5130, Time: 00:19:58

Health: -1/46      AC:  3    Str:  7    XL:     7   Next: 84%
Magic:  4/14       EV: 12    Int: 20    God:
Gold:   236        SH:  0    Dex: 12    Spells: 4 memorised, 8 levels left

rFire  . . .     SeeInvis .     K - +1 dagger (drain)
rCold  . . .     Gourm    .     a - +0 robe
rNeg   . . .     Faith    .     (no shield)
rPois  .         Spirit   .     b - +0 hat
rElec  .         Dismiss  .     (no cloak)
rCorr  .         Reflect  .     q - +0 pair of gloves
SustAt .         Harm     .     (no boots)
MR     .....                    (no amulet)
Stlth  ++........               (no ring)
                                (no ring)

@: not resistant to hostile enchantments, unstealthy
A: no striking features
a: no special abilities


You were on level 5 of the Dungeon.
You were not hungry.

You visited 1 branch of the dungeon, and saw 5 of its levels.
You also visited: Sewer.

You collected 236 gold pieces.

Inventory:

Hand Weapons
 K - a +1 dagger of draining (weapon)
Armour
 a - a +0 robe (worn)
 b - a +0 hat (worn)
 q - a +0 pair of gloves (worn)
 J - the +1 robe of Action {MR+ Regen+ Int-3, unknown}
   (You found it on level 5 of the Dungeon)

   It affects your intelligence (-3).
   It affects your resistance to hostile enchantments.
   It increases your rate of regeneration.
Jewellery
 u - an uncursed ring of ice {unknown}
 v - an uncursed ring of stealth {unknown}
 z - an uncursed ring of flight {unknown}
 C - a cursed ring of fire {unknown}
Wands
 A - a wand of polymorph (12/24)
 H - a wand of lightning (6/15)
Scrolls
 i - a scroll of fear {unknown}
 j - 7 scrolls of identify {unknown}
 l - a scroll of immolation {unknown}
 n - 2 scrolls of recharging {unknown}
 p - a scroll of noise {unknown}
 s - a scroll of magic mapping {unknown}
 t - 2 scrolls of amnesia {unknown}
 y - a scroll of blinking {unknown}
 B - 2 scrolls of remove curse {unknown}
 F - a scroll of enchant weapon {unknown}
Potions
 e - 2 potions of haste {unknown}
 f - 2 potions of heal wounds {unknown}
 g - 3 potions of brilliance {unknown}
 h - a potion of degeneration {unknown}
 m - a potion of invisibility {unknown}
 o - a potion of cancellation {unknown}
 w - 7 potions of curing {unknown}
 x - a potion of might {unknown}
 D - 4 potions of flight {unknown}
 E - 3 potions of agility {unknown}
Books
 c - a book of Minor Magic

   Spells                             Type                      Level
   a - Magic Dart                     Conjuration                  1
   b - Blink                          Translocation                2
   c - Call Imp                       Summoning                    2
   d - Repel Missiles                 Charms/Air                   2
   e - Slow                           Hexes                        2
   f - Conjure Flame                  Conjuration/Fire             3
   g - Mephitic Cloud                 Conjuration/Poison/Air       3
Comestibles
 d - 2 bread rations
 r - 5 meat rations
 G - a beef jerky
 I - 7 chunks of flesh


   Skills:
 - Level 2.2 Short Blades
 - Level 2.0 Dodging
 - Level 2.0 Stealth
 + Level 5.0 Spellcasting
 + Level 4.1 Conjurations
 + Level 4.0 Summonings
 - Level 1.0 Translocations
 + Level 1.4 Air Magic


You had 8 spell levels left.
You knew the following spells:

 Your Spells              Type           Power        Failure   Level  Hunger
a - Magic Dart            Conj           ###.         2%          1    None
b - Call Imp              Summ           ###.....     3%          2    None
c - Blink                 Tloc           N/A          14%         2    None
d - Mephitic Cloud        Conj/Pois/Air  ##......     17%         3    ##.....


Dungeon Overview and Level Annotations

Branches:
Dungeon (5/15)
 Temple: D:4-7

Altars:
Elyvilon
Fedhas
Gozag
Qazlal
Sif Muna
Yredelemnul
Zin


Message History

Casting: Call Imp
Confirm with . or Enter, or press ? or * to list all spells.
Aiming: Magic Dart
Press: ? - help, Shift-Dir - straight line, f - orc priest
Aim: an orc priest, wielding a whip and wearing a ring mail The magic dart hits the orc priest.
The orc priest is moderately wounded.
Your crimson imp blinks!
The orc priest calls down the wrath of Beogh upon you.
Beogh smites you!
* * * LOW HITPOINT WARNING * * *
Some of the chunks of flesh in your inventory have rotted away.
You swap places.
The orc priest closely misses your white imp.
An orc comes into view. It is wielding a flail.
The orc shouts!
Your crimson imp blinks!
The orc priest invokes the aid of Beogh against you.
Beogh smites you!
You die...

.......5.)o...#
[....##..####.#
..5. #).# #.# (..
#.o# #.# #.#####..#
#.# #.......5# #.#
.....####.# #.#
####.# #.# #.# #.#
#@# #.#
#.####5####.##
###)<...5...)..#
.........o..####..#
########.#### #..#
#.# ..... #.#
#....... #o#
#......... ...
.......###


You could see an orc priest, an orc, a friendly crimson imp and 2 friendly white
imps.

Vanquished Creatures
  A big kobold (Sewer)
  A howler monkey (D:4)
  A hound (D:4)
  An orc wizard (D:5)
  A worker ant zombie (D:5)
  6 adders
  2 oozes
  A dart slug (D:1)
  4 giant geckos (D:1)
  2 orcs (D:5)
  A ball python (Sewer)
  9 giant cockroaches
  8 goblins
  7 hobgoblins
  7 jackals (D:3)
  11 bats
  5 giant newts
  10 kobolds
  10 rats
  A plant (D:1)
89 creatures vanquished.

Vanquished Creatures (collateral kills)
  Sigmund (D:3)
  A big kobold (Sewer)
  2 scorpions
  A jelly (D:5)
  2 orc priests (D:5)
  An orc wizard (D:4)
  4 gnolls (D:4)
  3 adders
  A worm (D:3)
  5 orcs
  3 goblins
  6 kobolds
30 creatures vanquished.

Grand Total: 119 creatures vanquished

Notes
Turn   | Place    | Note
--------------------------------------------------------------
     0 | D:1      | KarmaPolice the Human Wizard began the quest for the Orb.
     0 | D:1      | Reached XP level 1. HP: 13/13 MP: 4/4
   513 | D:1      | Reached XP level 2. HP: 15/19 MP: 6/6
   577 | D:1      | Learned a level 2 spell: Call Imp
   979 | D:1      | Reached XP level 3. HP: 18/24 MP: 7/7
  1269 | D:1      | Learned a level 2 spell: Blink
  1834 | D:2      | Reached XP level 4. HP: 25/30 MP: 0/9
  2169 | D:2      | Found a stormy altar of Qazlal.
  2170 | D:2      | Found an opulent altar of Gozag.
  2172 | D:2      | Found a glowing silver altar of Zin.
  2173 | D:2      | Found a white marble altar of Elyvilon.
  2173 | D:2      | Found a deep blue altar of Sif Muna.
  2175 | D:2      | Found a basalt altar of Yredelemnul.
  2176 | D:2      | Found a blossoming altar of Fedhas.
  2352 | D:3      | Reached skill level 1 in Short Blades
  2658 | D:3      | Reached XP level 5. HP: 35/35 MP: 8/10
  2719 | D:3      | Noticed Sigmund
  2746 | D:3      | Killed Sigmund
  2746 | D:3      | Reached skill level 4 in Spellcasting
  2746 | D:3      | Reached XP level 6. HP: 41/41 MP: 6/12
  2913 | D:3      | Found a glowing drain.
  2917 | Sewer    | Entered a sewer
  3440 | Sewer    | Reached XP level 7. HP: 28/46 MP: 2/13
  3989 | D:4      | Learned a level 3 spell: Mephitic Cloud
  4871 | D:5      | Entered Level 5 of the Dungeon
  5037 | D:5      | Got a thick robe
  5062 | D:5      | Reached skill level 1 in Air Magic
  5125 | D:5      | Reached skill level 5 in Spellcasting
  5130 | D:5      | Killed from afar by an orc priest

Skill      XL: |  1  2  3  4  5  6  7 |
---------------+----------------------+-----
Conjurations   | 2 3 4 |  4.1
Summonings     | 2 3 4 |  4.0
Short Blades   | 1 2 |  2.2
Spellcasting   | 4 5 |  5.0
Air Magic      | 1 |  1.4
Dodging        | |  2.0
Stealth        | |  2.0
Translocations | |  1.0

Action                   |  1- 3 |  4- 6 |  7- 9 || total
-------------------------+-------+-------+-------++-------
Melee: Unarmed           |    25 |       |       ||    25
       Dagger            |   163 |   157 |    64 ||   384
 Cast: Magic Dart        |    28 |    13 |    22 ||    63
       Call Imp          |     8 |    14 |    34 ||    56
       Blink             |     2 |       |     1 ||     3
 Stab: Sleeping          |     3 |     3 |     1 ||     7
       Distracted        |       |     2 |     1 ||     3
  Eat: Chunk             |     3 |     6 |     6 ||    15
Armor: Robe              |    11 |    61 |     6 ||    78
Dodge: Dodged            |    41 |   136 |    41 ||   218
